 Dungeon Crawl Stone Soup version 0.15.0-27-gbdb0435 (console) character file.

32 gw the Twirler (level 3, -2/30 HPs)
             Began as a Minotaur Gladiator on Sept 11, 2014.
             Was an Initiate of Okawaru.
             Killed by divine providence
             ... invoked by an orc priest
              (15 damage)
             ... on Level 4 of the Dungeon.
             The game lasted 00:00:47 (1584 turns).

gw the Twirler (Minotaur Gladiator)                 Turns: 1584, Time: 00:00:47

HP  -2/30        AC  6     Str 19      XL: 3   Next: 10%
MP   2/2         EV  8     Int  5      God: Okawaru [......]
Gold 0           SH  0     Dex 11      Spells:  0 memorised,  2 levels left

rFire  . . .     SeeInvis .     a - +1 quarterstaff
rCold  . . .     Clarity  .     o - +0 scale mail
rNeg   . . .     rCorr    .     (no shield)
rPois  .         rRot     .     c - +0 hat
rElec  .         Spirit   .     (no cloak)
SustAb .         Warding  .     (no gloves)
rMut   .         Stasis   .     (no boots)
Gourm  .                        (no amulet)
MR     .....                    (no ring)
                                (no ring)

@: not resistant to hostile enchantments, extremely unstealthy
A: retaliatory headbutt, horns 2
a: Renounce Religion


You were on level 4 of the Dungeon.
You worshipped Okawaru.
Okawaru was noncommittal.
You were not hungry.

You visited 2 branches of the dungeon, and saw 4 of its levels.

Inventory:

Hand weapons
 a - a +1 quarterstaff (weapon)
Missiles
 d - 3 throwing nets
 i - 64 stones (quivered)
Armour
 c - a +0 hat (worn)
 o - a +0 scale mail (worn)
Comestibles
 b - a chunk of orc flesh
 f - a bread ration
Potions
 e - a potion of restore abilities
 m - a potion of heal wounds


   Skills:
 + Level 2.9 Fighting
 * Level 4.1 Staves
 + Level 2.4 Throwing
 + Level 1.2 Armour
 - Level 3.2 Dodging
 + Level 0.4 Invocations


You had 2 spell levels left.
You didn't know any spells.

Dungeon Overview and Level Annotations

Branches:
Dungeon (4/15)             Temple (1/1) D:4

Altars:
Elyvilon
Fedhas
Nemelex Xobeh
Okawaru
Qazlal
Trog
Vehumet
Xom


Innate Abilities, Weirdness & Mutations

You reflexively headbutt those who attack you in melee.
You have a pair of horns on your head.


Message History

You throw a stone. The stone barely misses the orc.
An orc and an orc priest come into view.
ATTACK MOVE TO (-1,0)
The orc shouts!
The orc priest shouts!
The orc priest mumbles some strange prayers to Beogh against you.
Something smites you!
Ouch! That really hurt!
ATTACK MOVE TO (-1,1)
You hit the orc but do no damage. You headbutt the orc, but do no damage.
The orc hits you with a hand axe.
The orc priest's eyes start to glow.
ATTACK MOVE TO (-1,0)
You sock the orc!
You kill the orc!
Okawaru accepts your kill. The orc hits you but does no damage.
The orc priest invokes the aid of Beogh against you.
Something smites you!
Ouch! That really hurt!
You die...

.......~~~~~.......###
#...................##
###......###..#####...
.........###..# ##..
##......#.....# ###
####....$...<# .
#.)....##...# ..
....####.....## ##..
.. .......)H....# . ..
.....o(o##...# ..(.(..
###..# .(....# ##..#
.o.(.. #..# ....# ...#
... .. #.


You could see an orc priest and 2 orcs.

Table legend:
 A = Turns spent in this place as a percentage of turns spent in the entire game.
 B = Non-inter-level travel turns spent in this place as a percentage of non-inter-level travel turns spent in the entire game.
 C = Inter-level travel turns spent in this place as a percentage of turns spent in this place.
 D = Turns resting spent in this place as a percentage of non-inter-level travel turns spent in this place.
 E = Turns spent auto-exploring this place as a percentage of non-inter-level travel turns spent in this place.
 F = Non-inter-level travel turns spent in this place divided by the number of levels of this place that you've seen.
                   A       B       C       D       E      F
               +-------+-------+-------+-------+-------+----------------------
         Total | 100.0 | 100.0 |   1.7 |   0.9 |  13.8 | 115.8
       Dungeon |  93.8 |  94.0 |   1.6 |   0.9 |  14.0 | 145.0
        Temple |   6.2 |   6.0 |   3.4 |   0.0 |  10.7 |  28.0
               +-------+-------+-------+-------+-------+----------------------

Table legend:
 A = Kills in this place as a percentage of kills in entire the game.
 B = Kills by you in this place as a percentage of kills by you in the entire game.
 C = Kills by friends in this place as a percentage of kills by friends in the entire game.
 D = Other kills in this place as a percentage of other kills in the entire game.
 E = Experience gained in this place as a percentage of experience gained in the entire game.
 F = Experience gained in this place divided by the number of levels of this place that you have seen.
                   A       B       C       D       E      F
               +-------+-------+-------+-------+-------+----------------------
         Total | 100.0 | 100.0 |  -nan |  -nan | 100.0 |  11.8
       Dungeon | 100.0 | 100.0 |  -nan |  -nan | 100.0 |  15.7
               +-------+-------+-------+-------+-------+----------------------

Vanquished Creatures
  A hound skeleton (D:4)
  An ooze (D:1)
  2 orcs (D:4)
  2 bats (D:1)
  A giant cockroach (D:1)
  2 goblins (D:1)
  A hobgoblin (D:1)
  A giant newt (D:1)
  A giant newt skeleton (D:4)
  A kobold (D:2)
  4 rats
17 creatures vanquished.

Notes
Turn   | Place    | Note
--------------------------------------------------------------
     0 | D:1      | gw, the Minotaur Gladiator, began the quest for the Orb.
     0 | D:1      | Reached XP level 1. HP: 18/18 MP: 1/1
   235 | D:1      | Reached XP level 2. HP: 25/25 MP: 1/1
  1167 | D:2      | Found a shimmering altar of Xom.
  1186 | D:2      | Found a shimmering altar of Xom.
  1194 | D:2      | You fall through a shaft for 2 floors!
  1220 | D:4      | Found a staircase to the Ecumenical Temple.
  1272 | Temple   | Entered the Ecumenical Temple
  1312 | Temple   | Became a worshipper of Warmaster Okawaru
  1528 | D:4      | Reached skill level 4 in Staves
  1528 | D:4      | Reached skill level 1 in Armour
  1528 | D:4      | Reached XP level 3. HP: 25/30 MP: 2/2
  1584 | D:4      | Killed from afar by an orc priest

Action                   || total
-------------------------++-------
Melee: Quarterstaff      ||    28
Throw: Stone             ||    53
  Use: Scroll            ||     6
       Potion            ||     4
  Eat: Chunk             ||     2

Vault maps used:
D:1:      dpeg_arrival_simpleton_c
D:2:      lemuel_coloured_pillars_altar, xom_redecorated
D:4:      temple_pool_b, uniq_prince_ribbit1, uniq_crazy_yiuf_cottage
Temple:   temple_island_7
